 Dungeon Crawl Stone Soup version 0.27.1-4-g1640c2035a (webtiles) character file.

Game seed: 18236440792863817310

274 Iepvzaeh the Poker (level 6, 0/49 (55) HPs)
             Began as a Minotaur Berserker on Nov 1, 2021.
             Was a Believer of Trog.
             Slain by a two-headed ogre (26 damage)
             ... on level 4 of the Dungeon on Nov 2, 2021.
             The game lasted 00:08:51 (4614 turns).

Iepvzaeh the Poker (Minotaur Berserker)             Turns: 4614, Time: 00:08:56

HP:   0/49 (55)     AC:  3    Str: 24    XL:     6   Next: 3%
MP:   5/5           EV: 16    Int:  4    God:    Trog [**....]
Gold: 160           SH:  0    Dex:  9    Spells: 5/5 levels left

rFire    . . .     SeeInvis .   a - +0 spear
rCold    . . .     Faith    .   (no shield)
rNeg     . . .     Spirit   .   b - +0 animal skin
rPois    .         Reflect  .   (helmet restricted)
rElec    .         Harm     .   (no cloak)
rCorr    .         Rampage  .   f - +0 pair of gloves
Will     .....                  (no boots)
Stlth    +.........             (no amulet)
HPRegen  0.16/turn              o - +4 ring of evasion
MPRegen  0.09/turn              (no ring)

@: heavily drained
A: horns 2, retaliatory headbutt
a: Renounce Religion, Berserk, Trog's Hand


You were on level 4 of the Dungeon.
You worshipped Trog.
Trog was pleased with you.
You visited 1 branch of the dungeon, and saw 4 of its levels.
You also visited: Sewer.

You collected 160 gold pieces.

Inventory:

Hand Weapons
 a - a +0 spear (weapon)
 t - a +0 hunting sling
Missiles
 k - 36 arrows
 p - 4 poisoned darts (quivered)
Armour
 b - a +0 animal skin (worn)
 f - a +0 pair of gloves (worn)
Jewellery
 o - a +4 ring of evasion (left hand)
Wands
 e - a wand of iceblast (10)
Scrolls
 c - 5 scrolls of identify {unknown}
 g - 3 scrolls of blinking {unknown}
 m - a scroll of teleportation {unknown}
 r - a scroll of enchant armour {unknown}
Potions
 d - a potion of ambrosia {unknown}
 h - a potion of cancellation {unknown}
 i - a potion of degeneration {unknown}
 j - a potion of resistance {unknown}
 l - a potion of heal wounds {unknown}
 n - 5 potions of curing
 q - a potion of flight
 s - a potion of brilliance {unknown}


   Skills:
 + Level 4.9 Fighting
 + Level 6.4 Polearms
 + Level 2.8 Armour
 + Level 3.3 Dodging
 + Level 1.1 Stealth


You had 5 spell levels left.
You didn't know any spells.
Your spell library was empty.

Dungeon Overview and Level Annotations

Branches:
Dungeon (4/15)              Sewer (visited)
 Temple: D:4-7

Altars:
Ashenzari

Shops:
D:2 ([

Annotations:
D:2 1 runed translucent door, Crazy Yiuf


Innate Abilities, Weirdness & Mutations

You have a pair of horns on your head.
You reflexively headbutt those who attack you in melee.


Message History

You hit the two-headed ogre but do no damage.
The two-headed ogre closely misses you.
The two-headed ogre hits you with a +0 giant club!!
You barely miss the two-headed ogre. You headbutt the two-headed ogre.
The two-headed ogre is lightly wounded.
You hit the two-headed ogre. You headbutt the two-headed ogre.
The two-headed ogre is lightly wounded.
The two-headed ogre misses you.
The two-headed ogre hits you with a +0 giant club!
A ball python comes into view.
Found a scroll labelled SYTHYCZ DOODD and a glowing brown potion.
The ball python hisses angrily.
A jelly comes into view.
Found a stone staircase leading down.
There is a stone staircase leading up here.
You climb upwards.
There is a stone staircase leading down here.
You start resting.
HP restored.
Welcome back, Iepvzaeh the Minotaur Berserker.
Trog says: Kill them all!
Press ? for a list of commands and other information.
You are a level 6 Minotaur Berserker.
You are 3% of the way to level 7.
Play time: 00:07:54 (4612 turns).
Zot will find you in 19723 turns if you stay in this branch and explore no new floors.
You have 160 gold pieces.
Done exploring.
You climb downwards.
The ball python bites you. The ball python completely misses you.
The two-headed ogre misses you.
The two-headed ogre hits you with a +0 giant club!!
The ball python bites you but does no damage.
The ball python grabs you. The ball python constricts you.
There is a stone staircase leading up, spattered with blood here.
You puncture the ball python!
You kill the ball python!
Trog accepts your kill.
The two-headed ogre completely misses you.
The two-headed ogre hits you with a +0 giant club!!
Ouch! That really hurt!
You die...

.##....#.......##......
...#.#..#....#..........
.............##.......#.
.#....#......##.#.....#.
......#......#........#.
.....................†..
.......................)
#....................
#..@†...............
.......O...#..#..##..>.#
...........#.##..#####.#
...........#....... #.#
..#........#........ ...
......##.....#.##.......
...... ...#....# .......
##.....>..#.....


You could see a two-headed ogre.

Vanquished Creatures
  A kobold brigand (Sewer)
  2 orc priests (D:3)
  An iguana (D:4)
  An orc wizard (D:3)
  An adder (D:3)
  A river rat (D:3)
  An adder skeleton (D:3)
  3 dart slugs
  4 orcs (D:3)
  8 endoplasms
  4 giant cockroaches
  5 goblins
  8 hobgoblins
  2 jackals (Sewer)
  2 quokkas
  4 ball pythons
  2 bats (D:1)
  A frilled lizard (D:2)
  8 kobolds
  12 rats
71 creatures vanquished.

Notes
Turn   | Place    | Note
-------+----------+-------------------------------------------
     0 | D:1      | Iepvzaeh the Minotaur Berserker began the quest for the
                  | Orb.
     0 | D:1      | Reached XP level 1. HP: 19/19 MP: 0/0
   354 | D:1      | Reached skill level 4 in Polearms
   354 | D:1      | Reached XP level 2. HP: 20/27 MP: 1/1
  1123 | D:2      | Found Puoghuys's Antique Weapon Emporium.
  1127 | D:2      | Reached ** piety under Trog
  1128 | D:2      | Reached XP level 3. HP: 30/33 MP: 2/2
  1227 | D:2      | Found a faded altar of an unknown god.
  1343 | D:2      | Found Mepanept's Antique Armour Emporium.
  1579 | D:2      | Found a runed translucent door.
  1580 | D:2      | Noticed Crazy Yiuf
  1633 | D:3      | Reached XP level 4. HP: 41/41 MP: 3/3
  1871 | D:3      | Reached skill level 5 in Polearms
  1890 | D:3      | Found a broken altar of Ashenzari.
  1929 | D:3      | Found a glowing drain.
  1961 | Sewer    | Entered a sewer
  2071 | Sewer    | Noticed a kobold brigand
  2101 | Sewer    | Killed a kobold brigand
  2102 | Sewer    | Reached XP level 5. HP: 39/47 MP: 4/4
  2170 | Sewer    | Found a white marble altar of Elyvilon.
  2465 | D:3      | Reached skill level 6 in Polearms
  2736 | D:3      | Reached skill level 1 in Stealth
  4295 | D:4      | Reached XP level 6. HP: 44/49 MP: 5/5
  4401 | D:4      | Noticed a two-headed ogre
  4614 | D:4      | Slain by a two-headed ogre

Illustrated notes

Levels and vault maps discovered:
D:1:      saegor_arrival_simple_b, layout_rooms
D:2:      layout_basic, serial_shops, nicolae_shop_waterfront, shop,
          shapermc_ecumenical_altar_rom_forum, uniq_crazy_yiuf_cottage
D:3:      layout_basic, ashenzari_conservatory_becter, portal_sewer_entry_a,
          skrybe_limestone_x
D:4:      layout_cave_pools, grunt_gozag_breadcrumbs, uniq_duvessa

Skill      XL: |  1  2  3  4  5 |
---------------+----------------+-----
Polearms       | 4 5 6 |  6.4
Fighting       | 4 |  4.9
Dodging        | 3 |  3.3
Stealth        | 1 |  1.1
Armour         | |  2.8

Action                   |  1- 3 |  4- 6 || total
-------------------------+-------+-------++-------
Melee: Spear             |    96 |   110 ||   206
       Headbutt          |    16 |    12 ||    28
Invok: Berserk           |     1 |     1 ||     2
  Use: Potion            |       |     1 ||     1
Armor: Animal skin       |     8 |     7 ||    15
Dodge: Dodged            |    27 |    48 ||    75
